 Dungeon Crawl Stone Soup version 0.17-a0-764-gd40c196 (webtiles) character file.

343 topher the Covert (level 6, -10/41 HPs)
             Began as an Octopode Assassin on Apr 23, 2015.
             Killed from afar by an orc (30 damage)
             ... with an exploding inner flame
             ... hexed by the player character
             ... on level 3 of the Dungeon.
             The game lasted 00:09:04 (1862 turns).

topher the Covert (Octopode Assassin)               Turns: 1862, Time: 00:09:04

Health: -10/41     AC:  1    Str: 10    XL:     6   Next: 57%
Magic:  6/6        EV: 12    Int: 14    God:
Gold:   92         SH:  0    Dex: 15    Spells: 0 memorised, 5 levels left

rFire  . . .     SeeInvis .     v - +1 dagger (venom)
rCold  . . .     Clarity  +     (no shield)
rNeg   + . .     SustAb   .     (helmet restricted)
rPois  .         Gourm    .     t - amulet of clarity
rElec  .         Spirit   .     p - ring of positive energy
rCorr  .         Warding  .     i - ring of protection from magic
rMut   .         Stasis   .     (no ring)
MR     +....                    (no ring)
Stlth  ++++++....               (no ring)
                                (no ring)
                                (no ring)
                                (no ring)

@: very slightly contaminated, somewhat resistant to hostile enchantments, very
stealthy
A: almost no armour, amphibious, 8 rings, constrict 8, camouflage 1, gelatinous
body 1
a: no special abilities


You were on level 3 of the Dungeon.
You were not hungry.

You visited 1 branch of the dungeon, and saw 3 of its levels.

You collected 92 gold pieces.

Inventory:

Hand weapons
 a - a +2 dagger
 b - a +0 blowgun
 v - a +1 dagger of venom (weapon)
Missiles
 c - 37 poisoned needles
 d - 2 curare-tipped needles
 k - 4 tomahawks (quivered)
Jewellery
 i - a ring of protection from magic (right tentacle)
 p - a ring of positive energy (left tentacle)
 t - an amulet of clarity (around mantle)
Scrolls
 n - a scroll of fog {unknown}
 r - a scroll of identify {unknown}
 s - a scroll of teleportation {unknown}
Potions
 g - a potion of curing
 u - a potion of cancellation {unknown}
 w - a potion of ambrosia {unknown}
 x - a potion of restore abilities {unknown}
Comestibles
 e - 2 bread rations
 o - a meat ration
 q - 5 fruits


   Skills:
 * Level 2.6 Fighting
 * Level 1.7 Short Blades
 + Level 2.1 Throwing
 + Level 1.4 Dodging
 * Level 9.7 Stealth


You had 5 spell levels left.
You didn't know any spells.

Dungeon Overview and Level Annotations

Branches:
Dungeon (3/15)

Altars:


Innate Abilities, Weirdness & Mutations

You cannot wear most types of armour.
You are amphibious.
You can wear up to eight rings at the same time.
You can use your tentacles to constrict eight enemies at once.
Your skin changes colour to match your surroundings (Stealth).
Your rubbery body absorbs attacks (AC +1).


Message History

Press: ? - help, Shift-Dir - straight line, f - orc priest
Aim: an orc priest, wielding a club You throw a tomahawk.
The tomahawk hits the orc priest.
The orc priest is moderately wounded.
Throwing (i - inventory):
k - 6 tomahawks (quivered)
Press: ? - help, Shift-Dir - straight line, f - orc, p - orc priest
Aim: an orc, wielding a club and wearing a ring mail (inner flame)
You throw a tomahawk. The tomahawk closely misses the orc.
The orc priest calls down the wrath of Beogh upon you.
Something smites you!
Throwing (i - inventory):
k - 5 tomahawks (quivered)
Press: ? - help, Shift-Dir - straight line, f - orc priest, p - orc
Aim: an orc priest, wielding a club (moderately wounded)
You throw a tomahawk. The tomahawk hits the orc.
The orc is heavily wounded.
You hit the orc.
The orc is poisoned.
You grab the orc. You squeeze the orc.
The orc explodes!
The fiery explosion engulfs you!
Ouch! That really hurt!
You die...

# #.#.# # #.#.## . #
#.#..# .. #.##.## ..
#.##..# J# #.###.## .# #
#.# #..# .##'### #.#
##.##.J.....
##########.####.@#§§).....
...........##...§§§§......
####........#.##§#o(......
............#. #.#.######
............# #.#.#
####........# #...#
########## ##..# ..# %.#


You could see an orc priest.

Vanquished Creatures
  Sigmund (D:2)
  A centaur (D:3)
  5 adders
  2 oozes
  A worm (D:2)
  A giant gecko (D:2)
  An orc (D:3)
  3 bats
  A bat zombie (D:1)
  2 hobgoblins (D:1)
  A jackal (D:1)
  3 giant cockroaches
  3 giant newts
  7 goblins
  A jackal zombie (D:1)
  9 kobolds
  6 rats
48 creatures vanquished.

Notes
Turn   | Place    | Note
--------------------------------------------------------------
     0 | D:1      | topher, the Octopode Assassin, began the quest for the Orb.
     0 | D:1      | Reached XP level 1. HP: 14/14 MP: 1/1
   336 | D:1      | Reached XP level 2. HP: 19/19 MP: 2/2
   577 | D:1      | Reached skill level 6 in Stealth
   742 | D:2      | Reached XP level 3. HP: 24/24 MP: 3/3
   940 | D:2      | Noticed Sigmund
   950 | D:2      | Killed Sigmund
   950 | D:2      | Reached skill level 1 in Short Blades
   950 | D:2      | Reached skill level 8 in Stealth
   950 | D:2      | Reached XP level 4. HP: 18/30 MP: 4/4
   950 | D:2      | Reached XP level 5. HP: 21/35 MP: 5/5
  1135 | D:2      | Reached skill level 9 in Stealth
  1180 | D:2      | Reached XP level 6. HP: 40/40 MP: 6/6
  1862 | D:3      | Killed from afar by an orc

Action                   |  1- 3 |  4- 6 || total
-------------------------+-------+-------++-------
Melee: Dagger            |    49 |    43 ||    92
Throw: Tomahawk          |     3 |     4 ||     7
  Use: Potion            |       |     2 ||     2
       Scroll            |       |     5 ||     5
 Stab: Sleeping          |    15 |    10 ||    25
  Eat: Chunk             |       |     2 ||     2
       Fruit             |       |     1 ||     1
